 Dungeon Crawl Stone Soup version 0.28.0-53-g5a82cb258f (webtiles) character file.

Game seed: 12948880834289701106

122 Descartes the Cudgeller (level 4, 0/45 HPs)
             Began as a Troll Monk on June 21, 2022.
             Slain by Sigmund
             ... wielding a +0 scythe
              (3 damage)
             ... on level 4 of the Dungeon.
             The game lasted 00:01:38 (1066 turns).

Descartes the Cudgeller (Troll Monk)                Turns: 1066, Time: 00:01:39

Health: 0/45       AC:  4    Str: 21    XL:     4   Next: 78%
Magic:  3/3        EV: 10    Int:  6    God:
Gold:   60         SH:  0    Dex: 12    Spells: 3/3 levels left

rFire   . . .      SeeInvis .   a - +0 mace
rCold   . . .      Faith    .   (no shield)
rNeg    . . .      Spirit   .   b - +0 robe
rPois   .          Reflect  .   (helmet restricted)
rElec   .          Harm     .   (no cloak)
rCorr   .          Rampage  .   (gloves unavailable)
Will    .....                   (boots unavailable)
Stlth   ++........              (no amulet)
HPRegen 0.95/turn               (no ring)
MPRegen 0.08/turn               (no ring)

@: no status effects
A: large, unfitting armour, claws 3, regeneration 1, shaggy fur 1, tough skin 1
a: no special abilities


You were on level 4 of the Dungeon.
You visited 1 branch of the dungeon, and saw 3 of its levels.

You collected 60 gold pieces.

Inventory:

Hand Weapons
 a - a +0 mace (weapon)
Missiles
 c - 86 stones (quivered)
Armour
 b - a +0 robe (worn)
Jewellery
 h - a ring of resist corrosion
Wands
 g - a wand of flame (6)
Scrolls
 f - a scroll of fear {unknown}
Potions
 d - a potion of berserk rage {unknown}
 e - a potion of attraction {unknown}


   Skills:
 + Level 3.1 Fighting
 + Level 3.5 Maces & Flails
 + Level 3.2 Dodging
 - Level 1.0 Stealth
 + Level 1.0 Translocations


You had 3 spell levels left.
You didn't know any spells.
Your spell library contained the following spells:

 Spells                   Type           Power      Damage    Failure   Level
 Corpse Rot               Necr/Air       0%         N/A       58%         2
 Poisonous Vapours        Pois/Air       0%         N/A       58%         2
 Tukima's Dance           Hex            0%         N/A       83%         3
 Anguish                  Hex/Necr       0%         N/A       99%         4
 Enfeeble                 Hex            0%         N/A       100%        7


Dungeon Overview and Level Annotations

Branches:
Dungeon (2/15)

Altars:
Elyvilon

Annotations:
D:4 Sigmund


Innate Abilities, Weirdness & Mutations

You are too large for most types of armour.
You have claws for hands.
Your natural rate of healing is unusually fast.
You are covered in fur. (AC +1)
You have tough skin. (AC +1)


Message History

The centaur kicks you. The centaur misses you. The centaur kicks you.
You hit the centaur.
The centaur is severely wounded.
The centaur hits you but does no damage.
The centaur kicks you but does no damage.
The centaur barely misses you.
The centaur kicks you but does no damage.
You hit the centaur.
The centaur is almost dead.
Something hits you! The centaur closely misses you. The centaur kicks you.
You hit the centaur.
You kill the centaur!
You hear some strange, mumbled words.
Something tries to affect you, but you resist.
Your Fighting skill increases to level 3!
Your Dodging skill increases to level 3!
Your Translocations skill increases to level 1!
You have reached level 4!
Something hits you but does no damage.
Things that are here:
a +0 shortbow; 16 arrows You barely miss something.
Something hits you but does no damage.
You barely miss something. Something hits you.
You closely miss something. Something hits you.
You barely miss something. You miss something. Something hits you!
* * * LOW HITPOINT WARNING * * *
You closely miss something. Something hits you.
* * * LOW HITPOINT WARNING * * *
You barely miss something. Something hits you.
* * * LOW HITPOINT WARNING * * *
You hit something. Something hits you.
* * * LOW HITPOINT WARNING * * *
You closely miss something. You thump something! Something hits you.
* * * LOW HITPOINT WARNING * * *
You barely miss something. Something hits you.
* * * LOW HITPOINT WARNING * * *
You hit something. Something hits you.
You die...

♣♣♣ ##♣ ♣♣♣.♣♣♣ ♣#####
...♣ ♣♣..(..♣♣ ♣♣.....#
....♣♣♣.......♣♣♣.......
≈≈...♣...≈≈≈...♣...≈≈≈..
≈≈≈.....≈≈≈≈≈.....≈≈≈≈≈.
♣≈≈...{.≈≈_≈≈.....≈≈♣≈≈.
≈≈≈....@≈≈≈≈≈.....≈≈≈≈≈.
≈≈...♣...≈≈≈...♣...≈≈≈..
... ♣♣...)...♣♣♣.......
. ♣♣.....♣♣ ♣♣.....#
♣♣♣.♣♣♣ ♣♣.#### ♣♣♣ #.#
##.# #.##### #......


There were no monsters in sight!

Vanquished Creatures
  A centaur (D:4)
  A gnoll (D:1)
  3 endoplasms
  3 giant cockroaches (D:1)
  2 hobgoblins
  3 kobolds (D:1)
  A quokka (D:1)
  5 ball pythons (D:1)
  6 bats
  A frilled lizard (D:1)
  5 goblins
  4 rats
35 creatures vanquished.

Notes
Turn   | Place    | Note
-------+----------+-------------------------------------------
     0 | D:1      | Descartes the Troll Monk began the quest for the Orb.
     0 | D:1      | Reached XP level 1. HP: 22/22 MP: 0/0
   109 | D:1      | Reached XP level 2. HP: 29/29 MP: 1/1
   582 | D:1      | Reached XP level 3. HP: 36/36 MP: 2/2
   972 | D:2      | You fall into a shaft and drop 2 floors!
  1036 | D:4      | Found a white marble altar of Elyvilon.
  1040 | D:4      | Noticed a centaur
  1046 | D:4      | Noticed Sigmund
  1053 | D:4      | Killed a centaur
  1054 | D:4      | Reached skill level 1 in Translocations
  1054 | D:4      | Reached XP level 4. HP: 25/45 MP: 3/3
  1065 | D:4      | HP: 2/45 [something (3)]
  1066 | D:4      | Slain by Sigmund

Illustrated notes

Levels and vault maps discovered:
D:1:      lemuel_arrival_cross, layout_loops_corners, item_on_display_a
D:2:      layout_rooms, uniq_crazy_yiuf_cottage
D:4:      minmay_thinvault, layout_rooms, elyvilon_altar_3, uniq_natasha,
          uniq_sigmund

Skill      XL: |  1  2  3 |
---------------+----------+-----
Maces & Flails | 3 |  3.5
Fighting       | 3 |  3.1
Dodging        | 3 |  3.2
Translocations | 1 |  1.0
Stealth        | |  1.0

Action                   |  1- 3 |  4- 6 || total
-------------------------+-------+-------++-------
Melee: Mace              |   113 |    12 ||   125
       Punch             |     1 |       ||     1
 Stab: Sleeping          |     5 |       ||     5
Armor: Robe              |    56 |     2 ||    58
Dodge: Dodged            |    96 |       ||    96
